 Dungeon Crawl Stone Soup version 0.20-a0-1020-g7b9e4fe (webtiles) character file.

115 Gorglomux the Poker (level 4, -3/38 HPs)
             Began as a Draconian Chaos Knight on Apr 18, 2017.
             Killed from afar by Ijyb (24 damage)
             ... with a wand of lightning (?/15)
             ... on level 2 of the Dungeon.
             The game lasted 00:01:31 (1431 turns).

Gorglomux the Poker (Draconian Chaos Knight)        Turns: 1431, Time: 00:01:32

Health: -3/38      AC:  5    Str: 14    XL:     4   Next: 68%
Magic:  4/4        EV: 12    Int: 12    God:    Xom [*.....]
Gold:   121        SH:  0    Dex: 12    Spells: 3/3 levels left

rFire    . . .     SeeInvis .   a - +0 spear (chaos)
rCold    . . .     Gourm    .   (no shield)
rNeg     . . .     Faith    .   (armour unavailable)
rPois    .         Spirit   .   (helmet restricted)
rElec    .         Reflect  .   (no cloak)
rCorr    .         Harm     .   (no gloves)
MR       .....                  (no boots)
Stlth    +.........             (no amulet)
Regen    0.2/turn               (no ring)
MPRegen  0.1/turn               (no ring)

@: drained
A: unfitting armour, cold-blooded, AC +5
a: Renounce Religion


You were on level 2 of the Dungeon.
You worshipped Xom.
You were a special plaything of Xom.
You were hungry.

You visited 1 branch of the dungeon, and saw 2 of its levels.

You collected 121 gold pieces.

Inventory:

Hand Weapons
 a - a +0 spear of chaos (weapon)
Wands
 h - a wand of paralysis (10/24)
   (You found it on level 2 of the Dungeon)
Scrolls
 f - 2 scrolls of random uselessness {unknown}
 i - a scroll of identify {unknown}
 j - a scroll of enchant armour {unknown}
Potions
 c - 2 potions of ambrosia {unknown}
 d - a potion of flight {unknown}
 e - a potion of agility {unknown}
Comestibles
 b - 4 bread rations {@e1@e1}


   Skills:
 - Level 3.2(2.3) Fighting
 + Level 5.5(4.5) Polearms
 - Level 2.1(1.2) Dodging


You had 3 spell levels left.
You didn't know any spells.

Dungeon Overview and Level Annotations

Branches:
Dungeon (2/15)

Altars:
Xom

Annotations:
D:2 Ijyb


Innate Abilities, Weirdness & Mutations

Your plain brown scales are hard. (AC +5)
You cannot fit into any form of body armour.
You are cold-blooded and may be slowed by cold attacks.


Message History

You take 1 damage, and have 36/38 hp.
A bat is nearby!
You miss the bat. You tail-slap the bat.
You kill the bat!
You open the door.
There is an open door here.
You open the door.
There is an open door here.
There is an open door here.
There is an open door here.
You now have 121 gold pieces (gained 11).
You see here a bat corpse.
There is an open door here.
You are feeling hungry.
No target in view!
Health restored: 38 No target in view!
There is an open door here.
You see here a hobgoblin corpse.
There is an escape hatch in the ceiling here.
You found a teleport trap! 2 goblins come into view.
Unknown command.
There are monsters nearby! 2 goblins come into view.
The goblin shouts!
A goblin comes into view. It is wielding a dagger of draining.
There are monsters nearby!
A goblin and Ijyb come into view.
The goblin shouts! x2
Attack whom?
Aim: a goblin, wielding a club You reach to attack!
The goblin shouts!
Ijyb shouts!
You hit the goblin. You burn the goblin.
You kill the goblin!
The goblin turns into a zombie!
Ijyb drinks a potion.
Ijyb suddenly seems more resistant.
Attack whom?
Aim: a goblin You reach to attack!
You barely miss the goblin.
Your goblin zombie hits the goblin with a club.
You hit the goblin.
The goblin seems to slow down.
You tail-slap the goblin.
You kill the goblin!
You barely miss the goblin. The goblin hits you but does no damage.
You feel drained.
You barely miss the goblin.
Your goblin zombie barely misses the goblin.
The goblin misses you.
The goblin barely misses your goblin zombie.
The goblin hits your goblin zombie but does no damage.
Unknown command.
You hit the goblin.
You kill the goblin!
The goblin hits you with a dagger of draining.
You feel drained.
You take 2 damage, and have 36/38 hp.
You closely miss the goblin.
The goblin barely misses your goblin zombie.
Your goblin zombie hits the goblin with a club.
Unknown command.
You closely miss the goblin.
The goblin hits you with a dagger of draining.
You feel drained.
The goblin barely misses your goblin zombie.
Ijyb hits your goblin zombie.
You take 1 damage, and have 35/38 hp.
You completely miss the goblin.
Your tail-slap misses the goblin.
Your goblin zombie hits Ijyb but does no damage.
The goblin hits you with a dagger of draining.
You feel drained.
Ijyb zaps a wand.
The bolt of lightning hits the goblin.
The goblin dies!
The bolt of lightning hits you!
It is a wand of lightning (?/15).
You take 14 damage, and have 21/38 hp.
MASSIVE DAMAGE!!
You hit the goblin but do no damage.
Your goblin zombie hits Ijyb with a club.
You barely miss the goblin. The goblin barely misses you.
Ijyb barely misses your goblin zombie. The goblin hits you but does no damage.
You completely miss the goblin.
Your goblin zombie hits Ijyb but does no damage.
The goblin hits you but does no damage.
Unknown command.
You hit Ijyb.
Your tail-slap misses Ijyb.
The goblin closely misses your goblin zombie.
The goblin closely misses you.
Your goblin zombie closely misses Ijyb.
You barely miss Ijyb. Ijyb screams, "I cut your head off!" Ijyb hits you.
The goblin closely misses you.
You take 1 damage, and have 21/38 hp.
You barely miss Ijyb.
Your goblin zombie hits Ijyb but does no damage.
Ijyb zaps a wand.
The bolt of lightning hits you!
Ouch! That really hurt!
You die...
Xom is highly amused!

#................#
#......#.........#
#................####
#....................
#....................
#..^.................
#....................
#....................
#8.g@..8#.##.###.....
#..ggZ..#.##.# #.....
#8.....8#.##.# #.....
#.......#.##.###.....
#8.....8#............
#.......#............
#8.....8#............
#..(.%..#............
########............


You could see Ijyb, 2 goblins and a friendly goblin zombie.

Vanquished Creatures
  Natasha (twice) (D:2)
  An adder (D:2)
  An ooze (D:2)
  2 leopard geckos
  6 bats
  A giant cockroach (D:1)
  6 hobgoblins
  8 jackals (D:1)
  A quokka (D:2)
  3 frilled lizards (D:2)
  11 goblins
  A kobold (D:1)
  4 rats
47 creatures vanquished.

Vanquished Creatures (others)
  A goblin (D:2)
1 creature vanquished.

Grand Total: 48 creatures vanquished

Notes
Turn   | Place    | Note
-------+----------+-------------------------------------------
     0 | D:1      | Gorglomux the Draconian Chaos Knight began the quest for the Orb.
     0 | D:1      | Reached XP level 1. HP: 19/19 MP: 1/1
   120 | D:1      | Reached XP level 2. HP: 22/26 MP: 2/2
   303 | D:1      | XOM: cast spell 'Summon Small Mammal'
   463 | D:1      | Reached skill level 4 in Polearms
   488 | D:1      | XOM: 2-stop teleportation journey
   594 | D:1      | XOM: scenery: create altars
   679 | D:2      | Reached XP level 3. HP: 31/31 MP: 3/3
   894 | D:2      | Noticed Natasha
   897 | D:2      | Killed Natasha
   897 | D:2      | Reached XP level 4. HP: 38/38 MP: 4/4
   943 | D:2      | XOM: confusion
   946 | D:2      | Noticed Natasha
   947 | D:2      | Reached skill level 5 in Polearms
   959 | D:2      | Killed Natasha
  1415 | D:2      | Noticed Ijyb
  1431 | D:2      | Killed from afar by Ijyb

Vault maps used:
D:1:      dpeg_arrival_rhombi
D:2:      kennysheep_the_goblin_king, minmay_bisected, uniq_natasha

Skill      XL: |  1  2  3  4 |
---------------+-------------+-----
Polearms       | 4 5 |  5.5
Fighting       | |  3.2
Dodging        | |  2.1

Action                   |  1- 3 |  4- 6 || total
-------------------------+-------+-------++-------
Melee: Spear             |    94 |    38 ||   132
       Tailslap          |    10 |     2 ||    12
  Eat: Chunk             |       |     1 ||     1
Armor: Skin              |    25 |     8 ||    33
Dodge: Dodged            |    30 |     8 ||    38

Vault maps used:
D:1:      dpeg_arrival_rhombi
D:2:      kennysheep_the_goblin_king, minmay_bisected, uniq_natasha

Table legend:
 A = Turns spent in this place as a percentage of turns spent in the entire game.
 B = Non-inter-level travel turns spent in this place as a percentage of non-inter-level travel turns spent in the entire game.
 C = Inter-level travel turns spent in this place as a percentage of turns spent in this place.
 D = Turns resting spent in this place as a percentage of non-inter-level travel turns spent in this place.
 E = Turns spent auto-exploring this place as a percentage of non-inter-level travel turns spent in this place.
 F = Non-inter-level travel turns spent in this place divided by the number of levels of this place that you've seen.
                   A       B       C       D       E      F
               +-------+-------+-------+-------+-------+----------------------
         Total | 100.0 | 100.0 |   0.2 |   0.4 |  11.3 | 243.5
       Dungeon | 100.0 | 100.0 |   0.2 |   0.4 |  11.3 | 243.5
               +-------+-------+-------+-------+-------+----------------------

Table legend:
 A = Kills in this place as a percentage of kills in entire the game.
 B = Kills by you in this place as a percentage of kills by you in the entire game.
 C = Kills by friends in this place as a percentage of kills by friends in the entire game.
 D = Other kills in this place as a percentage of other kills in the entire game.
 E = Experience gained in this place as a percentage of experience gained in the entire game.
 F = Experience gained in this place divided by the number of levels of this place that you have seen.
                   A       B       C       D       E      F
               +-------+-------+-------+-------+-------+----------------------
         Total | 100.0 | 100.0 |  -nan |  -nan | 100.0 |  82.5
       Dungeon | 100.0 | 100.0 |  -nan |  -nan | 100.0 |  82.5
               +-------+-------+-------+-------+-------+----------------------
